 Dungeon Crawl Stone Soup version 0.19-GnollCrawlA-1-g03664ee (webtiles) character file.

71279 PurpleRed the Cudgeler (level 1, -5/28 HPs)
             Began as a Minotaur Berserker on Sept 1, 2016.
             Was the Champion of Trog.
             Slain by a gnoll
             ... wielding a +0 spear
              (6 damage)
             ... on level 7 of a ziggurat.
             The game lasted 02:05:47 (23614 turns).

PurpleRed the Cudgeler (Minotaur Berserker)        Turns: 23614, Time: 02:05:48

Health: -5/28      AC: 21    Str: 34    XL:     1   Next: 0%
Magic:  0/18       EV: 13    Int: 14    God:    Trog [******]
Gold:   4356       SH:  5    Dex:  9    Spells: 0 memorised, 0 levels left

rFire  + + .     SeeInvis +     R - +7 rapier "Wututz" {flame, *Drain rElec Str+5}
rCold  + + .     Gourm    .     z - +5 chain mail {rF+}
rNeg   . . .     Faith    .     Q - +3 buckler of Resilience {MR+}
rPois  +         Spirit   +     (helmet restricted)
rElec  +         Dismiss  .     b - +2 cloak of Uskayaw's Reproof {rC+}
rCorr  .         Reflect  .     q - +0 pair of gloves {Str+3}
SustAt .         Harm     .     j - +0 pair of boots of Valour {MP+9 Int+2}
MR     .....                    c - amulet "Kig Lusch" {Spirit rPois MR- Int+8 SInv}
Stlth  ..........               t - ring of magical power
                                O - +4 ring of evasion

@: berserking (expiring), very quick
A: retaliatory headbutt, horns 2, slimy green scales 1, cold resistance 1, fire
resistance 1
a: Berserk, Trog's Hand, Brothers in Arms, Burn Spellbooks, Renounce Religion
}: 4/15 runes: serpentine, barnacled, slimy, golden


You were on level 7 of a ziggurat.
You worshipped Trog.
Trog was exalted by your worship.
You were completely stuffed.

You visited 10 branches of the dungeon, and saw 47 of its levels.
You visited 1 ziggurat, and saw 7 of its levels.
You also visited: Bailey, Ice Cave and Wizlab.

You collected 5543 gold pieces.
You spent 1187 gold pieces at shops.

Inventory:

Hand Weapons
 a - the +6 hunting sling "Conservator" {venom, Dex+3}
   (You found it on level 6 of the Lair of Beasts)

   It poisons the ammo it fires.
   It affects your dexterity (+3).
 m - the cursed +3 long sword of Pestilence {speed, rElec MP+9 Int+4}
   (You found it on level 3 of the Vaults)

   Attacks with this weapon are significantly faster.
   It affects your intelligence (+4).
   It insulates you from electricity.
   It affects your magic capacity (+9).
   It has a curse placed upon it.
 n - the +4 whip of Dulyes {venom, +Blink +Fly MR+ Stlth+}
   (You found it on level 3 of the Tomb of the Ancients)

   It poisons the flesh of those it strikes.
   It affects your resistance to hostile enchantments.
   It lets you fly.
   It lets you blink.
   It makes you more stealthy.
 L - the +7 hand crossbow of the Five Souls {penet, *Corrode +Blink MR+++ Int+4, unknown}
   (You found it on level 6 of a ziggurat)

   Ammo fired by it will pass through the targets it hits, potentially hitting
   all targets in its path until it reaches maximum range.
   It affects your intelligence (+4).
   It affects your resistance to hostile enchantments.
   It lets you blink.
   It may corrode you when you take damage.
 N - the cursed +2 falchion "Obbanwuj" {flame, Str+5, unknown}
   (You found it on level 6 of a ziggurat)

   It has been specially enchanted to burn those struck by it, causing extra
   injury to most foes and up to half again as much damage against particularly
   susceptible opponents.
   Big, fiery blades are also staple armaments of hydra-hunters.
   It affects your strength (+5).
   It has a curse placed upon it.
 R - the +7 rapier "Wututz" (weapon) {flame, *Drain rElec Str+5}
   (You found it on level 1 of the Shoals)

   It has been specially enchanted to burn those struck by it, causing extra
   injury to most foes and up to half again as much damage against particularly
   susceptible opponents.
   It affects your strength (+5).
   It insulates you from electricity.
   It causes draining when unequipped.
Missiles
 Y - 113 sling bullets
Armour
 b - the +2 cloak of Uskayaw's Reproof (worn) {rC+}
   (You found it on level 12 of the Dungeon)

   It protects you from cold.
 j - the +0 pair of boots of Valour (worn) {MP+9 Int+2}
   (You found it on level 3 of the Elven Halls)

   It affects your intelligence (+2).
   It affects your magic capacity (+9).
 q - a +0 pair of gloves of strength (worn)
 z - a +5 chain mail of fire resistance (worn)
 Q - the +3 buckler of Resilience (worn) {MR+}
   (You found it on level 3 of the Elven Halls)

   It affects your resistance to hostile enchantments.
 X - the +2 shield of Resistance {rF+ rC+ MR+}
   (You found it on level 3 of the Elven Halls)

   It protects you from fire.
   It protects you from cold.
   It affects your resistance to hostile enchantments.
Jewellery
 c - the amulet "Kig Lusch" (around neck) {Spirit rPois MR- Int+8 SInv}
   (You found it on level 4 of the Lair of Beasts)

   [amulet of guardian spirit]

   It causes incoming damage to be split between your health and magic.
   It affects your intelligence (+8).
   It protects you from poison.
   It affects your resistance to hostile enchantments.
   It lets you see invisible.
 d - the ring "Qodosorch" {SustAt rPois MR+ Str+3 Dex+2}
   (You found it on level 3 of the Tomb of the Ancients)

   [ring of sustain attributes]

   It sustains your strength, intelligence and dexterity.
   It affects your strength (+3).
   It affects your dexterity (+2).
   It protects you from poison.
   It affects your resistance to hostile enchantments.
 i - the ring of Dishonesty {rElec rC+ rN+ Str+2 Int-2}
   (You found it on level 3 of the Elven Halls)

   [ring of strength]

   It affects your strength (+2).
   It affects your intelligence (-2).
   It protects you from cold.
   It insulates you from electricity.
   It protects you from negative energy.
 o - the ring "Beacomum" {rN+ Slay+2 SInv}
   (You found it on level 3 of the Crypt)

   [ring of positive energy]

   It affects your accuracy and damage with ranged weapons and melee attacks
   (+2).
   It protects you from negative energy.
   It lets you see invisible.
 t - a ring of magical power (right hand)
 O - a +4 ring of evasion (left hand)
Wands
 e - a wand of lightning (2/15)
 h - a wand of heal wounds (8/9)
 r - a wand of enslavement (12/24)
 w - a wand of lightning (1/15)
 A - a wand of paralysis (7/24)
 C - a wand of digging (6/24)
 I - a wand of disintegration (10/24)
 M - a wand of hasting (9/9)
 S - a wand of polymorph (9/24)
Scrolls
 f - 13 scrolls of remove curse
 s - 3 scrolls of magic mapping
 x - 4 scrolls of fog
 y - 3 scrolls of blinking
 H - a scroll of enchant weapon
 K - 2 scrolls of immolation
 P - 6 scrolls of teleportation
 T - 2 scrolls of fear
Potions
 g - 9 potions of curing
 k - 9 potions of flight
 p - a potion of cancellation
 u - 4 potions of heal wounds
 v - 2 potions of ambrosia
 D - 7 potions of might
 F - 2 potions of agility
 G - 2 potions of resistance
 J - 5 potions of lignification
 U - 2 potions of haste
Books
 B - a book of Clouds

   Spells                             Type                      Level
   a - Mephitic Cloud                 Conjuration/Poison/Air       3
   b - Conjure Flame                  Conjuration/Fire             3
   c - Poisonous Cloud                Conjuration/Poison/Air       6
   d - Freezing Cloud                 Conjuration/Ice/Air          6
   e - Ring of Flames                 Charms/Fire                  7
   Trog disapproves of the use of such an item.
 E - a book of Transfigurations

   Spells                             Type                      Level
   a - Irradiate                      Conjuration/Transmutation    5
   b - Statue Form                    Transmutation/Earth          6
   c - Hydra Form                     Transmutation                6
   d - Dragon Form                    Transmutation                7
   Trog disapproves of the use of such an item.
Miscellaneous
 l - a fan of gales
 V - a phial of floods
 W - a lamp of fire


   Skills:
 + Level 3.6 Fighting
 + Level 3.6 Maces & Flails
 + Level 2.4 Armour
 + Level 2.1 Dodging


You couldn't memorise any spells.
You didn't know any spells.

Dungeon Overview and Level Annotations

Branches:
Dungeon (14/15)            Temple (0/1) D:1            Lair (6/6) D:9
 Shoals (4/4) Lair:4        Snake (4/4) Lair:4        Slime (5/5) Lair:6
    Orc (2/2) D:11            Elf (3/3) Orc:2        Vaults (3/5) D:14
  Crypt (3/3) Vaults:3       Tomb (3/3) Crypt:3

Altars:
Yredelemnul
Beogh
Jiyva

Shops:
D:7 :   D:8 [   D:9 =   Orc:2 :*[(   Elf:1 !   Shoals:4 [   Snake:2 [
Snake:4 }=}

Portals:
Sewer: D:4


Innate Abilities, Weirdness & Mutations

You reflexively headbutt those who attack you in melee.
You have a pair of horns on your head.
You are partially covered in slimy green scales. (AC +2)
Your flesh is cold resistant. (rC+)
Your flesh is heat resistant. (rF+)


Message History

You kill the gnoll!
Trog accepts your kill.
Your stone giant closely misses the gnoll.
You block the gnoll's attack.
The gnoll hits your stone giant with a whip!
The gnoll hits your stone giant.
The gnoll hits you but does no damage. x2
The gnoll hits gnoll but does no damage.
The gnoll closely misses you. The gnoll misses you.
You puncture the gnoll! You burn the gnoll.
You kill the gnoll!
Trog accepts your kill.
Your stone giant hits the gnoll!!!
The gnoll dies!
Trog accepts your kill. The gnoll misses you.
The gnoll gnolls you but does no damage.
The gnoll hits your stone giant but does no damage.
Your stone giant hits the gnoll.
The gnoll misses you.
The gnoll hits you from afar with a spear!
You die...

▓...........g
▓............
▓.)...#...#..
▓.)).......gg
▓∩Cg......g.g
▓ggg.......gg
▓ggggg#...#.g
▓ggggg.......
▓g@)g........
▓▓▓▓.........
▓.........
▓▓▓▓▓▓▓▓▓▓


You could see 16 gnolls and a friendly stone giant (berserk).

Vanquished Creatures
  A jelly (Vaults:1)
  An iguana (Vaults:3)
  2 worker ants
  653 gnolls
  The ghost of Fusentrap the Vandal, a weakling CeHu of Ru (D:4)
  A hobgoblin (Vaults:1)
  A jackal (Vaults:1)
  27 gnoll simulacra
  121 gnoll skeletons
  33 gnoll zombies
  A plant (Snake:2)
842 creatures vanquished.

Vanquished Creatures (collateral kills)
  A gnoll sergeant (Slime:5)
  97 gnolls
  2 gnoll simulacra (Tomb:3)
  19 gnoll skeletons (Tomb:3)
  7 gnoll zombies (Tomb:3)
126 creatures vanquished.

Vanquished Creatures (others)
  34 gnolls
  A gnoll skeleton (Tomb:3)
35 creatures vanquished.

Grand Total: 1003 creatures vanquished

Notes
Turn   | Place    | Note
-------+----------+-------------------------------------------
     0 | D:1      | PurpleRed the Minotaur Berserker began the quest for the Orb.
     0 | D:1      | Reached XP level 1. HP: 19/19 MP: 0/0
   720 | D:1      | Found a staircase to the Ecumenical Temple.
  1566 | D:3      | Reached ** piety under Trog
  2151 | D:4      | Got an encrusted ring mail
  2162 | D:4      | Identified the +2 ring mail "Pozi" {MR+ Int+2} (You found it on level 4 of the Dungeon)
  2271 | D:4      | Noticed Fusentrap's ghost (weakling CeHu)
  2274 | D:4      | Gained mutation: You are partially covered in slimy green scales. (AC +2) [potion of beneficial mutation]
  2296 | D:4      | Killed Fusentrap's ghost
  2409 | D:4      | Found a glowing drain.
  2483 | D:5      | Entered Level 5 of the Dungeon
  3386 | D:7      | Found Daofy's Book Shop.
  3816 | D:8      | Found Dopsi's Armour Emporium.
  3885 | D:8      | Bought a +0 pair of boots for 67 gold pieces
  3885 | D:8      | Bought a +0 cloak for 67 gold pieces
  4227 | D:9      | Found Xavviun's Jewellery Shoppe.
  4237 | D:9      | Reached *** piety under Trog
  4562 | D:10     | Entered Level 10 of the Dungeon
  5715 | D:11     | Found a flagged portal.
  5724 | Bailey   | Entered a bailey
  6035 | Bailey   | Reached **** piety under Trog
  6570 | D:9      | Found a staircase to the Lair.
  6708 | Lair:1   | Entered Level 1 of the Lair of Beasts
  7495 | Lair:4   | Found a frozen archway.
  7504 | IceCv    | Entered an ice cave
  7808 | IceCv    | Gained mutation: Your flesh is cold resistant. (rC+) [potion of beneficial mutation]
  7809 | IceCv    | Gained mutation: Your flesh is heat resistant. (rF+) [potion of beneficial mutation]
  8330 | IceCv    | Got an iridescent great mace
  8704 | Lair:4   | Identified the +2 great mace of Experimentation {crush, Str+2} (You found it in an ice cave)
  9510 | Lair:5   | Reached ***** piety under Trog
 10330 | Lair:6   | Entered Level 6 of the Lair of Beasts
 10881 | Lair:6   | Got a steaming hunting sling
 10883 | Lair:6   | Identified the +6 hunting sling "Conservator" {venom, Dex+3} (You found it on level 6 of the Lair of Beasts)
 11119 | Lair:6   | Found a staircase to the Slime Pits.
 11892 | D:9      | Bought a +4 ring of evasion for 396 gold pieces
 12113 | Slime:1  | Entered Level 1 of the Pits of Slime
 12229 | Slime:5  | Entered Level 5 of the Pits of Slime
 12255 | Slime:5  | Noticed a gnoll sergeant
 12262 | Slime:5  | Killed a gnoll sergeant
 12269 | Slime:5  | Found a viscous altar of Jiyva.
 12300 | Slime:5  | Identified Toasm's Grimoire of Assistive Unholy Arts
 12305 | Slime:5  | Got a bloodstained quarterstaff
 12317 | Slime:5  | Got a slimy rune of Zot
 12433 | Slime:5  | Identified the Tome of Too Many Cooks
 12444 | Slime:5  | Identified the +9 quarterstaff of the Eternal Void {flame, Str+4} (You found it on level 5 of the Pits of Slime)
 12601 | Lair:4   | Found a staircase to the Snake Pit.
 12616 | Snake:1  | Entered Level 1 of the Snake Pit
 12878 | Snake:2  | Found Ipoi's Antique Armour Shoppe.
 13373 | Snake:4  | Entered Level 4 of the Snake Pit
 13388 | Snake:4  | Found Vuilelyst's Gadget Shop.
 13393 | Snake:4  | Found Esoolu's Jewellery Shoppe.
 13394 | Snake:4  | Found Tixt's Gadget Shop.
 13498 | Snake:4  | Received a gift from Trog
 13701 | Snake:4  | Found a basalt altar of Yredelemnul.
 13858 | Snake:4  | Got a serpentine rune of Zot
 14210 | Lair:4   | Got a faintly glowing bone amulet
 14211 | Lair:4   | Identified the amulet "Kig Lusch" {Spirit rPois MR- Int+8 SInv} (You found it on level 4 of the Lair of Beasts)
 14224 | Lair:4   | Found a staircase to the Shoals.
 14233 | Shoals:1 | Entered Level 1 of the Shoals
 14545 | Shoals:1 | Got an encrusted rapier
 14546 | Shoals:1 | Identified the +7 rapier "Wututz" {flame, *Drain rElec Str+5} (You found it on level 1 of the Shoals)
 15499 | Shoals:4 | Entered Level 4 of the Shoals
 15511 | Shoals:4 | Reached ****** piety under Trog
 15515 | Shoals:4 | Received a gift from Trog
 15567 | Shoals:4 | Found Pupeuxte's Armour Shop.
 16201 | Shoals:4 | Got a barnacled rune of Zot
 16620 | D:11     | Found a staircase to the Orcish Mines.
 16626 | Orc:1    | Entered Level 1 of the Orcish Mines
 16722 | Orc:1    | Found a roughly hewn altar of Beogh.
 16804 | Orc:2    | Entered Level 2 of the Orcish Mines
 16956 | Orc:2    | Found a roughly hewn altar of Beogh.
 16959 | Orc:2    | Found Ilenoqel's General Store.
 16983 | Orc:2    | Found Pelovvuesch's Antique Weapon Shoppe.
 16997 | Orc:2    | Found Fangik's Antique Armour Shoppe.
 17013 | Orc:2    | Found Siaff's Book Shoppe.
 17034 | Orc:2    | Bought a potion of agility for 64 gold pieces
 17034 | Orc:2    | Bought a scroll of blinking for 120 gold pieces
 17235 | Orc:2    | Found a staircase to the Elven Halls.
 17254 | Elf:1    | Entered Level 1 of the Elven Halls
 17375 | Elf:1    | Found Fezusisa's Distillery.
 17451 | Elf:1    | Bought a potion of might for 44 gold pieces
 17451 | Elf:1    | Bought a potion of cancellation for 88 gold pieces
 17451 | Elf:1    | Bought a potion of lignification for 33 gold pieces
 17451 | Elf:1    | Bought a potion of degeneration for 11 gold pieces
 17452 | Elf:1    | Bought a potion of resistance for 110 gold pieces
 17452 | Elf:1    | Bought a potion of heal wounds for 55 gold pieces
 17452 | Elf:1    | Bought a potion of might for 44 gold pieces
 17452 | Elf:1    | Bought a potion of might for 44 gold pieces
 17452 | Elf:1    | Bought a potion of might for 44 gold pieces
 17807 | Elf:1    | Received a gift from Trog
 17926 | Elf:2    | Found a huge runed gate.
 17926 | Elf:2    | Found a huge runed gate.
 17926 | Elf:2    | Found a huge runed gate.
 17927 | Elf:2    | Found a huge runed gate.
 17928 | Elf:2    | Found a huge runed gate.
 17971 | Elf:3    | Entered Level 3 of the Elven Halls
 18233 | Elf:3    | Got a faintly glowing lead ring
 18252 | Elf:3    | Got a smoking demon trident
 18275 | Elf:3    | Got a twisted buckler
 18281 | Elf:3    | Identified the +3 buckler of Resilience {MR+} (You found it on level 3 of the Elven Halls)
 18289 | Elf:3    | Got a bone morningstar
 18322 | Elf:3    | Identified the ring of Dishonesty {rElec rC+ rN+ Str+2 Int-2} (You found it on level 3 of the Elven Halls)
 18541 | Elf:3    | Got a pair of crude boots
 18552 | Elf:3    | Identified the cursed +0 pair of boots of Valour {MP+9 Int+2} (You found it on level 3 of the Elven Halls)
 19146 | D:12     | Got a blackened cloak
 19157 | D:12     | Identified the +2 cloak of Uskayaw's Reproof {rC+} (You found it on level 12 of the Dungeon)
 19254 | D:13     | Found a basalt altar of Yredelemnul.
 19389 | D:14     | Received a gift from Trog
 19447 | D:14     | Identified the +1 morningstar "Impbane" {freeze, rPois Str+2 Dex-5} (You found it on level 3 of the Elven Halls)
 19517 | D:14     | Found a gate to the Vaults.
 19534 | Vaults:1 | Entered Level 1 of the Vaults
 19583 | Vaults:1 | Noticed a jelly
 19583 | Vaults:1 | a gnoll changed into a jelly
 19587 | Vaults:1 | Killed a jelly
 19733 | Vaults:2 | Found a magical portal.
 19742 | WizLab   | Entered Iskenderun's Mystic Tower
 19858 | WizLab   | Noticed a worker ant
 19858 | WizLab   | a gnoll changed into a worker ant
 19861 | WizLab   | Killed a worker ant
 19954 | WizLab   | Identified Iskenderun's Reference Book on Attacks
 19954 | WizLab   | Identified Iskenderun's Reference Book on Combat Magic
 20094 | Vaults:3 | Got a faintly glowing long sword
 20239 | Vaults:3 | Received a gift from Trog
 20491 | Vaults:3 | Noticed a worker ant
 20491 | Vaults:3 | a gnoll changed into a worker ant
 20493 | Vaults:3 | Killed a worker ant
 20511 | Vaults:3 | Noticed an iguana
 20511 | Vaults:3 | a gnoll changed into an iguana
 20513 | Vaults:3 | Killed an iguana
 21026 | Vaults:3 | Found a staircase to the Crypt.
 21041 | Crypt:1  | Entered Level 1 of the Crypt
 21121 | Crypt:3  | Entered Level 3 of the Crypt
 21293 | Crypt:3  | Identified the cursed +3 long sword of Pestilence {speed, rElec MP+9 Int+4} (You found it on level 3 of the Vaults)
 21295 | Crypt:3  | Got a transparent chain mail
 21306 | Crypt:3  | Identified the +3 chain mail "Qemog" {rPois rF- rC+} (You found it on level 3 of the Crypt)
 21498 | Crypt:3  | Got a flickering garnet amulet
 21499 | Crypt:3  | Identified the amulet "Ypner" {Regen+ SInv Stlth+} (You found it on level 3 of the Crypt)
 21501 | Crypt:3  | Got a coiled golden ring
 21503 | Crypt:3  | Identified the ring "Suimpopn" {*Confuse +Inv rN+ MR+ Int+5} (You found it on level 3 of the Crypt)
 21506 | Crypt:3  | Got a flickering lead ring
 21507 | Crypt:3  | Identified the ring "Beacomum" {rN+ Slay+2 SInv} (You found it on level 3 of the Crypt)
 21794 | Crypt:3  | Found a staircase to the Tomb.
 21800 | Tomb:1   | Entered Level 1 of the Tomb of the Ancients
 22491 | Tomb:3   | Entered Level 3 of the Tomb of the Ancients
 22568 | Tomb:3   | Got a translucent scale mail
 22661 | Tomb:3   | Got a golden rune of Zot
 22770 | Tomb:3   | Got a clouded golden ring
 22771 | Tomb:3   | Identified the ring "Qodosorch" {SustAt rPois MR+ Str+3 Dex+2} (You found it on level 3 of the Tomb of the Ancients)
 22831 | Tomb:3   | Identified the +4 scale mail "Ohid Gas" {rPois rF+ Str-2 Slay+2} (You found it on level 3 of the Tomb of the Ancients)
 22850 | Tomb:3   | Got a scorched platinum ring
 22852 | Tomb:3   | Identified the ring "Ampugu" {rC+ Str+4 Stlth+} (You found it on level 3 of the Tomb of the Ancients)
 22860 | Tomb:3   | Got a faintly glowing whip
 22862 | Tomb:3   | Got a bound steel ring
 22864 | Tomb:3   | Identified the ring "Oki Qijopt" {Fire rN++ MR- Str+2 SInv} (You found it on level 3 of the Tomb of the Ancients)
 22896 | Zig:1    | Entered Level 1 of a ziggurat
 22968 | Zig:2    | Entered Level 2 of a ziggurat
 23205 | Zig:3    | Entered Level 3 of a ziggurat
 23269 | Zig:4    | Entered Level 4 of a ziggurat
 23280 | Zig:4    | Received a gift from Trog
 23379 | Zig:4    | Identified the +4 whip of Dulyes {venom, +Blink +Fly MR+ Stlth+} (You found it on level 3 of the Tomb of the Ancients)
 23392 | Zig:5    | Entered Level 5 of a ziggurat
 23486 | Zig:6    | Entered Level 6 of a ziggurat
 23537 | Zig:6    | Got an encrusted hand crossbow
 23538 | Zig:6    | Identified the Disquisition on the Spatial Mountains
 23554 | Zig:6    | Got a fine falchion
 23576 | Zig:7    | Entered Level 7 of a ziggurat
 23612 | Zig:7    | HP: 1/28 [gnoll/halberd (2)]
 23614 | Zig:7    | Slain by a gnoll

Action                   || total
-------------------------++-------
Melee: Rapier            ||   818
       Flail             ||   468
       Headbutt          ||   266
       Quarterstaff      ||   115
       Whip              ||    81
       Mace              ||     9
 Fire: Hunting sling     ||    25
Invok: Berserk           ||    94
       Burn Spellbooks   ||    23
       Brothers in Arms  ||    10
Evoke: Wand              ||    33
       Sack of spiders   ||     4
       Fan of gales      ||     2
       Lamp of fire      ||     2
       Phial of floods   ||     2
       Figurine of a zig ||     1
  Use: Scroll            ||    56
       Potion            ||    11
  Eat: Bread ration      ||     2
Armor: Chain mail        ||   554
       Ring mail         ||    76
       Animal skin       ||     2
Dodge: Dodged            ||   717
Block: Buckler           ||   193
       Shield            ||   143
